Unix NetHack Version 5.0.0-0 post-release - last build Jun 10 2026 00:39:30 (3ee93aec679c4c4259841fe613dc97188e26a321,branch:main).

Game began 2026-06-29 16:46:20, ended 2026-06-29 21:54:07.

IanCurtis, chaotic male elven Wizard

                                                     ----
                                          ---- ----- |..|      --
                                         --.f| |...---..----- -.--
                                         |..@--|..........|.--...-- |
                                         --..a.|-....)..............|
                                          ----.|-....[)).).)..-------
                                             |.|..............|
                                             |.)..............--
                                             -----.........[...|    ---
                                                |..........*...------.----
                                               --........................--
                                           -----..`..............---......|
                                         |....%......."....---...---......|
                                         -------..........-- --...........|
                                            --............|   --......*...|
                                            -.............|    --........--
                                        .........---......|     |.......--
                                       -....`.--- |.....---     ----...--
                                       -----.-    --.|.--          -----
                                           --      -----
IanCurtis the Thaumaturge  St:12 Dx:14 Co:13 In:20 Wi:8 Ch:10  Chaotic
Dlvl:7  $:87 HP:0(43) Pw:3(50) AC:9  Xp:6 T:2586 

Latest messages:
 Please move the cursor to a monster, object or location.
 (For instructions type a '?')
 What do you want to zap? [c or ?*] ?
 In what direction? n
 The fire ant seems to be moving slower.
 You drop a scroll labeled EIRIS SAZUN IDISI.
 You drop a scroll labeled FNORD.
 You drop a scroll labeled KO BATE.
 You drop 4 uncursed scrolls of identify.
 You drop a mottled spellbook.
 You drop a blessed spellbook of force bolt.
 You drop a spellbook of healing.
 You drop an uncursed spellbook of light.
 You drop a murky potion.
 You drop 2 uncursed potions of gain ability.
 You drop 5 potions of healing.
 You drop 2 uncursed potions of restore ability.
 You miss the fire ant.
 The fire ant bites!
 The fire ant bites again!
 You're on fire!
 You miss the fire ant.
 The fire ant bites!
 The fire ant bites again!
 You're on fire!
 You hit the fire ant.
 The fire ant bites!
 The fire ant bites again!
 You avoid harm.
 You miss the fire ant.
 The fire ant bites!
 The fire ant bites again!
 You're on fire!
 In what direction? n
 The spell misses the fire ant.
 The fire ant bites!
 The fire ant bites again!
 You're on fire!
 In what direction? .
 You feel better.
 The fire ant bites!
 The fire ant bites again!
 You're on fire!
 You hit the fire ant.
 What do you want to write with? [- acepsw or ?*] -
 You write in the dust with your fingertip.
 What do you want to write in the dust here? Elbereth
 The fire ant bites!
 You die...
 Do you want your possessions identified? [ynq] (y) q

Inventory:
 Coins    ('$')
  $ - 87 gold pieces
 Weapons  (')')
  w - the +0 Sting (weapon in right hand)
  a - a blessed +1 quarterstaff
 Armor    ('[')
  u - a cursed +0 dunce cap
  b - an uncursed +0 cloak of magic resistance (being worn)
 Comestibles  ('%')
  x - 2 uncursed lembas wafers
  o - an uncursed tripe ration
 Rings    ('=')
  p - an uncursed ring of searching
  e - an uncursed ring of shock resistance
 Wands    ('/')
  c - a wand of slow monster (0:5)
 Tools    ('(')
  l - an uncursed tooled horn
  k - an uncursed credit card
  s - a magic marker (0:22)
  d - a +0 pick-axe
  B - 2 uncursed tallow candles
  q - a cursed tallow candle

IanCurtis the Wizard's attributes:

Background:
 You were a Thaumaturge, a level 6 male elven Wizard.
 You were chaotic, on a mission for Anhur
 who was opposed by Ptah (lawful) and Thoth (neutral).
 You were right-handed.
 You were in the Gnomish Mines, on level 7.
 You entered the dungeon 2586 turns ago.
 There was a full moon in effect when your adventure ended.
 You had 379 experience points, 261 more were needed to attain level 7.

Basics:
 You had 0 out of 43 hit points.
 You had 3 out of 50 energy points (spell power).
 Your armor class was 9.
 Your wallet contained 87 zorkmids.
 Autopickup was off.

Final Characteristics:
 Your strength was 12 (limit:18).
 Your dexterity was 14 (limit:18).
 Your constitution was 13 (limit:16).
 Your intelligence was 20 (limit:20).
 Your wisdom was 8 (limit:20).
 Your charisma was 10 (limit:18).

Final Status:
 You weren't hungry.
 You were unencumbered.
 You were wielding a dagger.
 You were unskilled in dagger.

Final Attributes:
 You were piously aligned.
 You were magic-protected.
 You were sleep resistant.
 You were telepathic.
 You were aware of the presence of orcs.
 You had infravision.
 You were warded.
 You were lucky.
 You are dead.

Miscellaneous:
 You encountered 1 bones level.
 Total elapsed playing time was 24 minutes and 26 seconds.

Major events:
 Turn
    1: IanCurtis the chaotic male elven Wizard entered the dungeon
 1245: attained the rank of Conjurer (level 3)
 1301: entered the Gnomish Mines
 2067: chose an elven dagger to be named "Sting"
 2150: attained the rank of Thaumaturge (level 6)
 2586: killed by a fire ant

Spells:
 Name                 Level Category     Fail Retention
 force bolt             1   attack         0%   81%-90%
 light                  1   divination     0%  76%-100%
 healing                1   healing        0%  76%-100%

Skills:
 Fighting Skills
   bare handed combat [Unskilled]
   riding             [Unskilled]
 Weapon Skills
   dagger             [Unskilled]
   knife              [Unskilled]
   axe                [Unskilled]
   short sword        [Unskilled]
   club               [Unskilled]
   mace               [Unskilled]
   quarterstaff       [Basic]
   polearms           [Unskilled]
   spear              [Unskilled]
   trident            [Unskilled]
   sling              [Unskilled]
   dart               [Unskilled]
   shuriken           [Unskilled]
 Spellcasting Skills
   attack spells      [Basic]
   healing spells     [Unskilled]
   divination spells  [Unskilled]
   enchantment spells [Basic]
   clerical spells    [Unskilled]
   escape spells      [Unskilled]
   matter spells      [Unskilled]

Voluntary challenges:
 Character rerolling was not enabled.
 You never genocided any monsters.
 You never polymorphed an object.
 You never changed form.
 You used no wishes.
Achievements:
 You attained the rank of Conjurer.
 You entered the Gnomish Mines.
 You attained the rank of Thaumaturge.

 The Dungeons of Doom: levels 1 to 5
    Level 1:
       An altar to Anhur, a fountain.
    Level 2: "closed shop"
       A fountain.
    Level 3:
       Some fountains, a grave.
    Level 4: "vault"
       Stairs down to The Gnomish Mines.
    Level 5: "bones?"
       Final resting place for
          Eymerich-Pri-Elf-Mal-Cha, killed by a rabid rat.
 The Gnomish Mines: levels 5 to 7
    Level 5:
    Level 6:
    Level 7: <- You were here.
       Final resting place for
          you, killed by a fire ant.


Vanquished creatures:
  a giant spider
  a jaguar
  5 gnome leaders
  a floating eye
  4 dwarves
  a centipede
  a giant bat
  a werejackal
 an iguana
  2 coyotes
  a gas spore
  2 hobbits
  a large kobold
  a brown mold
 21 gnomes
  2 geckos
  9 jackals
  a fox
  2 sewer rats
  3 grid bugs
  3 lichens
  4 newts
68 creatures vanquished.

No species were genocided or became extinct.

Game over:
                       ----------
                      /          \
                     /    REST    \
                    /      IN      \
                   /     PEACE      \
                  /                  \
                  |    IanCurtis     |
                  |      87 Au       |
                  | killed by a fire |
                  |       ant        |
                  |                  |
                  |                  |
                  |       2026       |
                 *|     *  *  *      | *
        _________)/\\_//(\/(/\)/\//\/|_)_______

Goodbye IanCurtis the Wizard...

You died in The Gnomish Mines on dungeon level 7 with 1905 points,
and 87 pieces of gold, after 2586 moves.
You were level 6 with a maximum of 43 hit points when you died.

